 Dungeon Crawl Stone Soup version 0.31-a0-744-gbc345e7fcb (webtiles) character file.

Game seed: 11843615442616628867

12797 javelincjr the Destroyer (level 11, -7/61 HPs)
             Began as an Octopode Conjurer on Sept 12, 2023.
             Was a Follower of Sif Muna.
             Mangled by a death yak (19 damage)
             ... on level 1 of the Lair of Beasts on Sept 13, 2023.
             The game lasted 01:11:51 (15905 turns).

javelincjr the Destroyer (Octopode Conjurer)       Turns: 15905, Time: 01:11:52

Health: -7/61      AC:  1    Str:  9    XL:     11   Next: 99%
Magic:  15/23      EV: 19    Int: 26    God:    Sif Muna [*.....]
Gold:   776        SH:  8    Dex: 10    Spells: 12/27 levels left

rFire   . . .        H - +7 mace (drain)
rCold   . . .        q - +3 buckler
rNeg    . . .        (helmet restricted)
rPois   .            (no amulet)
rElec   .            c - ring "Monekkam" {Will+ EV+5 Str+3}
rCorr   +            C - ring of resist corrosion
SInv    .            (no ring)
Will    +....        (no ring)
Stlth   +++++        (no ring)
HPRegen 0.30/turn    (no ring)
MPRegen 0.18/turn    (no ring)
                     (no ring)

%: no passive effects
@: very slightly contaminated, hasted, very quick
A: almost no armour, amphibious, 8 rings, camouflage 1, gelatinous body 1,
(nimble swimmer 1), tentacles
a: Renounce Religion, Channel Magic


You were on level 1 of the Lair of Beasts.
You worshipped Sif Muna.
Sif Muna was aware of your devotion.
You visited 3 branches of the dungeon, and saw 13 of its levels.
You also visited: Sewer.

You collected 842 gold pieces.
You spent 66 gold pieces at shops.

Inventory:

Hand Weapons
 f - a +2 dagger of holy wrath
 y - a +2 hand axe of venom
 G - a +4 war axe
 H - a +7 mace of draining (weapon)
 O - a +0 short sword of draining
Armour
 q - a +3 buckler (worn)
Magical Staves
 n - a staff of poison
Jewellery
 c - the ring "Monekkam" (left tentacle) {Will+ EV+5 Str+3}
   (You acquired it on level 3 of the Dungeon)

   [ring of evasion]

   EV+5:      It affects your evasion (+5).
   Str+3:     It affects your strength (+3).
   Will+:     It increases your willpower.
 u - an amulet of guardian spirit
 C - a ring of resist corrosion (right tentacle)
 F - an amulet of faith
Wands
 x - a wand of flame (38)
 M - a wand of iceblast (4)
 P - a wand of mindburst (6)
Scrolls
 b - 5 scrolls of vulnerability
 j - 4 scrolls of noise
 k - a scroll of revelation
 l - a scroll of enchant armour
 o - a scroll of blinking
 r - a scroll of immolation
 s - 3 scrolls of teleportation
 w - 2 scrolls of torment
 B - 4 scrolls of identify
 D - a scroll of amnesia {unknown}
 E - a scroll of poison {unknown}
 I - a scroll of silence {unknown}
 J - 3 scrolls of fog {unknown}
 K - a scroll of summoning
Potions
 a - 2 potions of magic
 d - 2 potions of attraction {unknown}
 e - a potion of heal wounds {unknown}
 g - 5 potions of resistance
 h - 2 potions of haste
 i - 14 potions of curing
 m - 2 potions of mutation {unknown}
 p - 3 potions of degeneration {unknown}
 t - a potion of brilliance {unknown}
 v - a potion of enlightenment {unknown}
 z - 2 potions of might {unknown}
 A - 6 potions of berserk rage {unknown}
 L - a potion of cancellation {unknown}
 N - 2 potions of lignification {unknown}


   Skills:
 + Level 2.2 Maces & Flails
 + Level 7.0 Dodging
 + Level 10.0 Stealth
 + Level 6.1 Shields
 * Level 8.9 Spellcasting
 * Level 10.2 Conjurations
 + Level 6.2 Earth Magic
 + Level 2.3 Invocations


You had 12 spell levels left.
You knew the following spells:

 Your Spells              Type           Power      Damage    Failure   Level
a - Magic Dart            Conj           100%       1d8       1%          1
b - Searing Ray           Conj           100%       2d8       1%          2
c - Stone Arrow           Conj/Erth      100%       3d13      1%          3
d - Foxfire               Conj/Fire      100%       2x1d9     1%          1
e - Iskenderun's Mystic   Conj/Tloc      38%        2d9       9%          4
f - Fulminant Prism       Conj/Hex       19%        3d10      9%          4

Your spell library contained the following spells:

 Spells                   Type           Power      Damage    Failure   Level
 Dazzling Flash           Conj/Hex       76%        N/A       2%          3
 Flame Wave               Conj/Fire      38%        2d10      9%          4
 Sticky Flame             Conj/Fire      38%        2d6       9%          4
 Ensorcelled Hibernation  Hex/Ice        22%        N/A       11%         2
 Jinxbite                 Hex            22%        N/A       11%         2
 Sublimation of Blood     Necr           11%        N/A       11%         2
 Wereblood                Tmut           11%        N/A       11%         2
 Petrify                  Tmut/Erth      27%        N/A       21%         4
 Inner Flame              Hex/Fire       11%        N/A       22%         3
 Irradiate                Conj/Tmut      19%        3d18      24%         5
 Anguish                  Hex/Necr       5%         N/A       58%         4
 Starburst                Conj/Fire      19%        6d7       80%         6
 Plasma Beam              Fire/Air       5%         2x1d16    100%        6
 Lehudib's Crystal Spear  Conj/Erth      26%        10d7      100%        8
 Animate Armour           Summ/Erth      Unusable   N/A       N/A         4

Dungeon Overview and Level Annotations

Branches:
Dungeon (11/15)            Temple (1/1) D:7            Lair (1/5) D:11
  Sewer (visited)
    Orc: D:9-12

Altars:
Ashenzari
Cheibriados
Dithmenos
Elyvilon
Fedhas
Gozag
Hepliaklqana
Kikubaaqudgha
Makhleb
Nemelex Xobeh
Okawaru
Qazlal
Ru
Sif Muna
Trog
Uskayaw
Vehumet
Wu Jian
Xom
Yredelemnul
Zin
The Shining One

Shops:
D:5 =   D:6 *

Portals:
Abyss: D:8

Annotations:
D:5 Grinder
D:8 2 transporters, 0gre's ghost, journeyman GnIE


Innate Abilities, Weirdness & Mutations

You cannot wear most types of armour.
You are amphibious.
You can wear up to eight rings at the same time.
Your skin changes colour to match your surroundings (Stealth+).
Your rubbery body absorbs attacks. (AC +1, EV +1)
((You are camouflaged when in or above water. (Stealth+)))
You have tentacles for arms and can constrict up to eight enemies at once.


Message History

Sif Muna accepts your kill.
Casting: Foxfire (safe; 1% risk of failure)
Confirm with . or Enter, or press ? or * to list all spells.
You erupt in a blast of force!
The mystic blast hits the yak.
The yak is severely wounded.
The yak is knocked back by the mystic blast.
The mystic blast hits the death yak.
The death yak is lightly wounded.
The death yak is knocked back by the mystic blast.
You hear a bellow!
Casting: Iskenderun's Mystic Blast (dangerous; 9% risk of failure)
Confirm with . or Enter, or press ? or * to list all spells.
Aiming: Stone Arrow (safe; 1% risk of failure)
Press: ? - help, Shift-Dir - straight line, f - death yak
Aim: a death yak (lightly wounded, 92% to hit)
The stone arrow hits the death yak!!
The death yak is moderately wounded.
Casting: Stone Arrow (safe; 1% risk of failure)
Confirm with . or Enter, or press ? or * to list all spells.
You erupt in a blast of force!
The mystic blast hits the yak!
The yak is almost dead.
The yak is knocked back by the mystic blast.
The mystic blast hits the death yak but does no damage.
The death yak is moderately wounded.
The death yak gores you!!
Casting: Iskenderun's Mystic Blast (dangerous; 9% risk of failure)
Confirm with . or Enter, or press ? or * to list all spells.
You erupt in a blast of force!
The mystic blast hits the death yak!
The death yak is moderately wounded.
The death yak is knocked back by the mystic blast.
A death yak comes into view.
Magic courses through your body. The death yak closely misses you.
Casting: Iskenderun's Mystic Blast (dangerous; 9% risk of failure)
Confirm with . or Enter, or press ? or * to list all spells.
You miscast Iskenderun's Mystic Blast.
You are very lightly contaminated with residual magic.
Nothing appears to happen.
The death yak gores you!
* * * LOW HITPOINT WARNING * * *
You feel yourself speed up. The death yak gores you!!
You die...

......# .P# ####.......####.
..#.#.# ##.# #..###.#.......
...##.# ##P.## #...............
..###.###....# #.P####P..#.#.#.
..###.#......#####..# ##..### #
...............§...## ###..##
..##.###.......#.##### .....##
#.##.# ##..[.#÷.####.###......
..##.####.......@YYYD.##...### .
#.#............#####..#....Y##...
#....#.##..#.#.# ##)....Y.Y.Y..
###....###.##..# ##.#...#.....
#..#.# #..#..# #.#.8.# ... ...#.#
#...#.# ..#...... #
#...#.#####.#.# .#.......#..
#.............# ####.....#..
##....##.#..#.# .#.+###.D.


You could see 2 death yaks, a six-headed hydra and a yak (drained).

Vanquished Creatures
  2 two-headed ogres (D:8)
  2 oklob plants (D:11)
  2 black mambas (Lair:1)
  2 komodo dragons
  3 trolls
  A polar bear (Lair:1)
  A hornet (D:8)
  Sigmund (D:3)
  2 wyverns (D:8)
  2 shadows
  A vampire (D:6)
  3 wraiths
  7 yaks
  Grum (D:10)
  3 steam dragons
  An acid dragon (D:9)
  4 water moccasins
  4 orc warriors
  2 sky beasts (D:8)
  3 ice beasts
  A black bear (D:6)
  2 ogres
  4 wolves (D:10)
  4 centaurs
  3 phantoms (D:6)
  A kobold brigand (D:6)
  7 bullfrogs
  4 scorpions
  2 gnoll sergeants
  13 wights
  10 killer bees
  4 howler monkeys
  A gnoll bouda (D:5)
  2 jellies (D:6)
  8 orc priests
  A hound (D:4)
  Jessica (D:3)
  2 sleepcaps (D:7)
  4 iguanas
  11 orc wizards
  Robin (D:3)
  8 gnolls
  15 adders
  6 white imps
  2 ufetubi
  A worm (D:2)
  A dart slug (D:2)
  39 orcs
  11 ball pythons
  A bat (D:1)
  4 endoplasms (D:1)
  7 giant cockroaches
  12 goblins
  10 hobgoblins
  3 jackals (D:2)
  12 quokkas
  13 frilled lizards
  4 kobolds
  8 rats
290 creatures vanquished.

Vanquished Creatures (others)
  526 foxfires
  25 fulminant prisms
551 creatures vanquished.

Grand Total: 841 creatures vanquished

Notes
Turn   | Place    | Note
-------+----------+-------------------------------------------
     0 | D:1      | javelincjr the Octopode Conjurer began the quest for the
                  | Orb.
     0 | D:1      | Reached XP level 1. HP: 11/11 MP: 3/3
    36 | D:1      | Found a faded altar of an unknown god.
   256 | D:1      | Reached XP level 2. HP: 17/17 MP: 1/5
   303 | D:1      | Learned a level 2 spell: Searing Ray
  1260 | D:2      | Reached XP level 3. HP: 21/21 MP: 4/6
  1675 | D:2      | Reached XP level 4. HP: 27/27 MP: 4/8
  1871 | D:2      | Learned a level 3 spell: Stone Arrow
  1951 | D:3      | Identified a scroll of acquirement
  1959 | D:3      | Acquired the ring "Monekkam" {Will+ EV+5 Str+3}
  1963 | D:3      | Noticed Jessica
  1967 | D:3      | Killed Jessica
  2265 | D:3      | Reached XP level 5. HP: 31/31 MP: 3/9
  2279 | D:3      | Found a glowing drain.
  2288 | Sewer    | Entered a sewer
  2671 | Sewer    | Reached skill level 1 in Shields
  2671 | Sewer    | Reached skill level 5 in Conjurations
  2671 | Sewer    | Reached skill level 1 in Earth Magic
  2720 | Sewer    | Reached XP level 6. HP: 36/36 MP: 7/11
  2894 | D:3      | Noticed Sigmund
  2900 | D:3      | Killed Sigmund
  3190 | D:3      | Noticed Robin
  3195 | D:3      | Killed Robin
  3611 | D:4      | Reached XP level 7. HP: 40/41 MP: 6/12
  4055 | D:4      | Found a hide-covered altar of Uskayaw.
  4491 | D:5      | Entered Level 5 of the Dungeon
  4569 | D:5      | Noticed Grinder
  4575 | D:5      | Reached skill level 5 in Stealth
  4644 | D:5      | Learned a level 1 spell: Foxfire
  5225 | D:5      | Found Imipsue's Jewellery Shoppe.
  5338 | D:5      | Reached XP level 8. HP: 41/46 MP: 10/14
  6225 | D:6      | Reached skill level 5 in Spellcasting
  6470 | D:6      | Noticed a vampire
  6471 | D:6      | Noticed a troll
  6557 | D:6      | Reached XP level 9. HP: 51/51 MP: 0/17
  6565 | D:5      | Upgraded the game from 0.31-a0-743-g45f7035092 to
                  | 0.31-a0-744-gbc345e7fcb
  6662 | D:6      | Killed a troll
  7065 | D:6      | Found Yxuiniet's General Store.
  7080 | D:6      | Bought 2 potions of curing for 66 gold pieces
  7893 | D:7      | Reached skill level 5 in Dodging
  8756 | D:7      | Reached XP level 10. HP: 56/56 MP: 11/19
  8808 | D:7      | Learned a level 4 spell: Iskenderun's Mystic Blast
  9300 | D:7      | Found a staircase to the Ecumenical Temple.
  9322 | Temple   | Entered the Ecumenical Temple
  9360 | Temple   | Became a worshipper of Sif Muna the Loreminder
  9749 | D:8      | Found a bloodstained altar of Trog.
  9757 | D:8      | Identified the +0 robe of Inevitability {Int+6}
  9794 | D:8      | Found an ancient bone altar of Kikubaaqudgha.
  9915 | D:8      | Noticed a two-headed ogre
  9931 | D:8      | Killed a two-headed ogre
 10236 | D:8      | Noticed a two-headed ogre
 10248 | D:8      | Killed a two-headed ogre
 10249 | D:8      | Reached skill level 5 in Shields
 10249 | D:8      | Reached skill level 5 in Earth Magic
 10328 | D:8      | Found a one-way gate to the infinite horrors of the Abyss.
 10332 | D:8      | Found a transporter.
 10337 | D:8      | Found a transporter.
 11385 | D:8      | Reached XP level 11. HP: 61/61 MP: 18/22
 11389 | D:8      | Reached * piety under Sif Muna
 11408 | D:8      | Noticed 0gre's ghost (journeyman GnIE)
 12036 | D:9      | Found an iron altar of Okawaru.
 12048 | D:9      | Found an ornate altar of the Wu Jian Council.
 12464 | D:9      | Found a sparkling altar of Nemelex Xobeh.
 12721 | D:10     | Entered Level 10 of the Dungeon
 13141 | D:10     | Found a sacrificial altar of Ru.
 13748 | D:10     | Noticed Grum
 13754 | D:10     | Killed Grum
 14061 | D:11     | Reached skill level 1 in Maces & Flails
 14061 | D:11     | Reached skill level 1 in Invocations
 14323 | D:11     | Learned a level 4 spell: Fulminant Prism
 14589 | D:11     | Found a staircase to the Lair.
 14596 | D:11     | Noticed an oklob plant
 14596 | D:11     | Noticed an oklob plant
 14928 | D:11     | Killed an oklob plant
 15058 | D:11     | Killed an oklob plant
 15059 | D:11     | Reached skill level 10 in Conjurations
 15319 | Lair:1   | Entered Level 1 of the Lair of Beasts
 15873 | Lair:1   | Noticed a six-headed hydra
 15885 | Lair:1   | Reached skill level 10 in Stealth
 15895 | Lair:1   | Noticed a death yak
 15902 | Lair:1   | Noticed a death yak
 15905 | Lair:1   | Mangled by a death yak

Illustrated notes

Levels and vault maps discovered:
D:1:      moated_graveyard_arrival, layout_basic,
          ebering_ecumenical_altar_abandoned, minmay_tromino_v4_b
D:2:      layout_rooms
D:3:      layout_basic, gup_sewer_entry_bubbles, uniq_robin, uniq_jessica,
          uniq_sigmund
D:4:      layout_rooms, mainiacjoe_overflow_24_doors
D:5:      layout_basic, serial_shops, nicolae_shop_gaudy_bauble,
          grunt_decor_cap, uniq_grinder
D:6:      layout_loops_ring, serial_shops, shop, minmay_divided_ellipse
D:7:      layout_rooms, minmay_temple_entry_ruins, dk_noncrumbling_2,
          minmay_fractal_squares_diagonal_5
D:8:      layout_rooms, mainiacjoe_overflow_two_lobes,
          gammafunk_ghost_abyssal_escape, minmay_fractal_squares_5
D:9:      layout_basic, nemelex_spade_bored_becter, minitemple,
          chequers_hall_statues_y
D:10:     layout_loops_corners, kennysheep_little_box, uniq_grum
D:11:     layout_rooms, dpeg_oklobed_lair
Temple:   regret_index_temple_waves
Lair:1:   layout_loops_ring, nzn_masters_of_martial_movement,
          serial_bayou_shore_b, grunt_megastairs_1

Skill      XL: |  1  2  3  4  5  6  7  8  9 10 11 |
---------------+----------------------------------+-----
Stealth        | 3 4 5 6 7 8 10 | 10.0
Spellcasting   | 3 4 5 6 7 8 |  8.9
Shields        | 1 2 3 4 5 6 |  6.1
Conjurations   | 5 6 8 9 10 | 10.2
Earth Magic    | 1 2 3 4 5 6 |  6.2
Dodging        | 3 4 5 6 7 |  7.0
Maces & Flails | 2 |  2.2
Invocations    | 2 |  2.3

Action                     |  1- 3 |  4- 6 |  7- 9 | 10-12 || total
---------------------------+-------+-------+-------+-------++-------
  Melee: Whip              |    13 |    26 |    10 |       ||    49
         Constrict         |     5 |     7 |     3 |     6 ||    21
         Unarmed           |     4 |       |       |       ||     4
         Tentacles         |     2 |     8 |     1 |    13 ||    24
         Hand axe          |       |       |    14 |     5 ||    19
         Mace              |       |       |       |    39 ||    39
   Cast: Magic Dart        |    57 |    72 |    34 |     3 ||   166
         Searing Ray       |     1 |     8 |    15 |       ||    24
         Foxfire           |       |       |   165 |   160 ||   325
         Stone Arrow       |       |       |    58 |   109 ||   167
         Iskenderun's Myst |       |       |       |    25 ||    25
         Fulminant Prism   |       |       |       |    25 ||    25
    Use: Scroll            |       |    12 |       |     9 ||    21
         Potion            |       |       |     4 |     2 ||     6
   Stab: Sleeping          |       |     3 |       |     1 ||     4
 Armour: Skin              |    12 |     6 |    55 |    47 ||   120
  Dodge: Dodged            |    21 |    17 |    72 |    43 ||   153
  Block: Buckler           |       |     4 |    31 |    14 ||    49

Table legend: (Time is in decaauts)
 A = Elapsed time spent in this place.
 B = Non-inter-level travel time spent in this place.
 C = Inter-level travel time spent in this place.
 D = Time resting spent in this place.
 E = Time spent auto-exploring this place.
 F = Levels seen in this place.
 G = Mean time per level.
                   A        B        C        D        E       F      G
               +--------+--------+--------+--------+--------+-----+--------+
         Total |  15922 |  15489 |    433 |   3188 |   9380 |  14 | 1137.3 |
       Dungeon |  14701 |  14321 |    380 |   3020 |   8607 |  11 | 1336.5 |
        Temple |     74 |     21 |     53 |      0 |      0 |   1 |   74.0 |
          Lair |    590 |    590 |      0 |    100 |    379 |   1 |  590.0 |
         Sewer |    554 |    554 |      0 |     68 |    394 |   1 |  554.0 |
               +--------+--------+--------+--------+--------+-----+--------+

Top non-repeatable levels by time:
     D:6: 2390 daAuts
     D:8: 1662 daAuts
     D:7: 1419 daAuts
    D:10: 1353 daAuts
     D:5: 1326 daAuts
    D:11: 1267 daAuts
     D:9: 1251 daAuts
     D:1: 1103 daAuts
     D:4: 1059 daAuts
     D:3: 1032 daAuts
     D:2: 835 daAuts
  Lair:1: 590 daAuts
   Sewer: 554 daAuts
  Temple: 74 daAuts
